 Dungeon Crawl Stone Soup version 0.22-a0-542-gce4f928 (webtiles) character file.

1440 FluffGlitter the Ducker (level 8, -1/37 HPs)
             Began as a Spriggan Arcane Marksman on Mar 18, 2018.
             Splashed by a jelly's acid (8 damage)
             ... on level 6 of the Dungeon on June 24, 2018.
             The game lasted 01:28:49 (12072 turns).

FluffGlitter the Ducker (Spriggan Arcane Marksman) Turns: 12072, Time: 01:28:52

Health: -1/37      AC: -1    Str:  6    XL:     8   Next: 46%
Magic:  17/17      EV: 24    Int: 14    God:
Gold:   242        SH:  0    Dex: 19    Spells: 12/18 levels left

rFire    . . .     SeeInvis +   b - +1 short sword (venom)
rCold    . . .     Gourm    .   (shield restricted)
rNeg     . . .     Faith    .   e - +1 robe
rPois    .         Spirit   .   (helmet restricted)
rElec    .         Reflect  .   (no cloak)
rCorr    .         Harm     .   (gloves unavailable)
MR       +....                  (boots unavailable)
Stlth    ++++......             (no amulet)
HPRegen  0.12/turn              (no ring)
MPRegen  0.15/turn              (no ring)

@: corroded, very quick
A: very small, unfitting armour, see invisible, herbivore, speed 3, slow
metabolism 2
a: no special abilities


You were on level 6 of the Dungeon.
You were hungry.

You visited 1 branch of the dungeon, and saw 6 of its levels.

You collected 242 gold pieces.

Inventory:

Hand Weapons
 a - a +1 hunting sling
 b - a +1 short sword of venom (weapon)
 i - a +4 spear
 j - a +0 hand axe
 n - a +0 dagger
 v - a +0 blowgun
 y - a +0 shortbow
 E - a +0 whip of freezing
Missiles
 c - 118 arrows
 d - 27 sling bullets
 h - 145 stones (quivered)
 x - 34 poisoned needles
 B - 8 javelins
Armour
 e - a +1 robe (worn)
 k - a cursed +0 shield
Jewellery
 l - an uncursed ring of magical power
 o - an uncursed ring of fire
 t - an uncursed ring of ice
Wands
 C - a wand of flame (49)
Scrolls
 p - a scroll of enchant armour
 s - a scroll of enchant weapon
 u - 7 scrolls of identify
 A - a scroll of immolation {unknown}
 D - a scroll of remove curse
Potions
 g - 2 potions of haste {unknown}
 m - 3 potions of resistance {unknown}
 q - 2 potions of mutation {unknown}
 r - 4 potions of curing
 w - 3 potions of degeneration {unknown}
 z - a potion of magic {unknown}
 F - a potion of cancellation {unknown}
Comestibles
 f - 4 rations


   Skills:
 - Level 0.7 Fighting
 + Level 0.0 Short Blades
 + Level 6.0 Slings
 + Level 7.3 Dodging
 + Level 7.1 Stealth
 + Level 5.7 Spellcasting
 + Level 6.7 Hexes


You had 12 spell levels left.
You knew the following spells:

 Your Spells              Type           Power        Failure   Level  Hunger
a - Corona                Hex            ###....      1%          1    None
b - Slow                  Hex            ###.....     1%          2    #......
c - Portal Projectile     Hex/Tloc       ##....       12%         3    ###....

Your spell library contained the following spells:

 Spells                   Type           Power        Failure   Level  Hunger
 Cause Fear               Hex            ###.......   11%         4    ####...
 Leda's Liquefaction      Hex/Erth       ##........   38%         4    ####...
 Inner Flame              Hex/Fire       ##......     12%         3    ###....


Dungeon Overview and Level Annotations

Branches:
Dungeon (6/15)             Temple (0/1) D:6

Altars:
Ashenzari
Cheibriados
Nemelex Xobeh
Ru
Zin
The Shining One


Innate Abilities, Weirdness & Mutations

You are very small and have problems with some larger weapons.
You are too small for most types of armour.
You have supernaturally acute eyesight. (SInv)
You are a herbivore.
You cover ground extremely quickly.
You need to consume almost no food.


Message History

You hit the jelly but do no damage.
Your hands burn!
The jelly is severely wounded.
The jelly completely misses you.
You hit the jelly but do no damage.
The jelly is poisoned.
Your hands burn!
The jelly is severely wounded.
The jelly barely misses you.
You barely miss the jelly.
The jelly is severely wounded.
The jelly jiggles.
The jelly completely misses you.
You hit the jelly but do no damage.
Your hands burn!
The jelly is severely wounded.
The jelly completely misses you.
You hit the jelly.
Your hands burn!
* * * LOW HITPOINT WARNING * * *
The jelly is almost dead.
The jelly completely misses you. The jelly hits you.
* * * LOW HITPOINT WARNING * * *
You are splashed with acid!
The acid burns!
You die...

################
................
######.........
##.######## #).#
#..# #..# ####
#@.####...###
#J......#.8.#
##......#.....
.#####....)...8.>.8
...................
..............#.8.#
....#######..## ..
.... #..# ... #.##


You could see a jelly.

Vanquished Creatures
  Pikel (D:3)
  Grinder (D:4)
  A slave (D:3)
  2 centaurs
  An ogre (D:6)
  A scorpion (D:4)
  A howler monkey (D:5)
  2 hounds
  An orc wizard (D:4)
  An iron imp (D:4)
  A worker ant (D:4)
  2 hound skeletons
  4 gnolls (D:3)
  11 adders
  2 worms
  5 leopard geckos
  11 orcs
  5 giant cockroaches
  6 goblins
  8 hobgoblins
  14 jackals
  4 quokkas
  6 bats
  4 frilled lizards
  7 kobolds
  A quokka skeleton (D:5)
  3 rats
106 creatures vanquished.

Vanquished Creatures (others)
  3 slaves (D:4)
  An orc wizard (D:4)
4 creatures vanquished.

Grand Total: 110 creatures vanquished

Notes
Turn   | Place    | Note
-------+----------+-------------------------------------------
     0 | D:1      | FluffGlitter the Spriggan Arcane Marksman began the quest for the Orb.
     0 | D:1      | Reached XP level 1. HP: 9/9 MP: 3/3
   773 | D:1      | Reached skill level 1 in Stealth
   773 | D:1      | Reached XP level 2. HP: 7/14 MP: 5/5
  1962 | D:2      | Reached XP level 3. HP: 17/17 MP: 7/7
  2390 | D:2      | Learned a level 2 spell: Slow
  2579 | D:2      | Found a sparkling altar of Nemelex Xobeh.
  2973 | D:2      | Reached XP level 4. HP: 21/21 MP: 8/8
  3449 | D:2      | Upgraded the game from 0.22-a0-283-g1871b15 to 0.22-a0-284-g99d1f74
  3450 | D:2      | Upgraded the game from 0.22-a0-284-g99d1f74 to 0.22-a0-303-g4a852b3
  4989 | D:3      | Reached XP level 5. HP: 25/25 MP: 8/10
  5857 | D:3      | Found a glowing silver altar of Zin.
  5857 | D:3      | Found a glowing golden altar of the Shining One.
  6079 | D:3      | Learned a level 3 spell: Portal Projectile
  6590 | D:4      | Noticed a slave
  6591 | D:4      | Noticed a slave
  6591 | D:4      | Noticed a slave
  6591 | D:4      | Noticed a slave
  6592 | D:4      | Noticed Pikel
  6971 | D:3      | Killed a slave
  7731 | D:3      | Killed Pikel
  7731 | D:3      | Reached skill level 5 in Dodging
  7731 | D:3      | Reached skill level 5 in Stealth
  7731 | D:3      | Reached skill level 5 in Hexes
  7731 | D:3      | Reached XP level 6. HP: 29/29 MP: 10/13
  7731 | D:3      | Reached XP level 7. HP: 32/32 MP: 10/14
  9070 | D:4      | Found a snail-covered altar of Cheibriados.
  9229 | D:4      | Noticed Grinder
  9439 | D:4      | Found a sacrificial altar of Ru.
  9653 | D:4      | Paralysed by Grinder for 7 turns
  9666 | D:4      | Killed Grinder
  9666 | D:4      | Reached skill level 5 in Slings
  9830 | D:5      | Entered Level 5 of the Dungeon
 10164 | D:5      | Reached skill level 5 in Spellcasting
 10315 | D:5      | Reached XP level 8. HP: 37/37 MP: 14/16
 11091 | D:5      | Found a shattered altar of Ashenzari.
 11980 | D:6      | Found a staircase to the Ecumenical Temple.
 12072 | D:6      | Splashed by a jelly's acid

Vault maps used:
D:1:      dpeg_arrival_water_temple_mockup
D:2:      first_ration, nemelex_xobeh_ov_fountains_minmay
D:3:      gammafunk_temple_overflow_wave
D:4:      old_standard_altar, chei_slow_surprise, uniq_pikel, uniq_grinder
D:5:      basic_altar
D:6:      overflow_temple_1_default, minmay_temple_entry_statues_pillars

Skill      XL: |  1  2  3  4  5  6  7  8 |
---------------+-------------------------+-----
Stealth        | 1 2 3 5 6 7 |  7.1
Spellcasting   | 2 4 5 |  5.7
Hexes          | 4 5 6 |  6.7
Slings         | 3 4 5 6 |  6.0
Dodging        | 4 5 6 7 |  7.3
Fighting       | |  0.7

Action                   |  1- 3 |  4- 6 |  7- 9 || total
-------------------------+-------+-------+-------++-------
Melee: Dagger            |    18 |       |       ||    18
       Short sword       |       |       |    71 ||    71
 Fire: Hunting sling     |   144 |   316 |   162 ||   622
       Blowgun           |       |    11 |       ||    11
Throw: Stone             |       |     1 |       ||     1
 Cast: Corona            |     8 |    34 |    30 ||    72
       Slow              |     4 |     3 |       ||     7
       Portal Projectile |       |     2 |     3 ||     5
  Use: Scroll            |       |       |     6 ||     6
  Eat: Ration            |       |     2 |     2 ||     4
Armor: Robe              |    11 |    12 |     5 ||    28
Dodge: Dodged            |    53 |   148 |   122 ||   323

Table legend:
 A = Spawn XP
 B = Non-spawn XP
 C = Spawn XP percentage of total XP
 D = Spawn monster count
 E = Non-spawn monster count
 F = Spawn count percentage of total count
 G = Total turns spent on level
                    A         B        C        D         E        F      G
               +---------+---------+-------+---------+---------+-------+---------
         Total |       0 |    2058 |   0.0 |       0 |     106 |   0.0 | 12072
               +---------+---------+-------+---------+---------+-------+---------
           D:1 |       0 |      21 |   0.0 |       0 |      10 |   0.0 |  1326
           D:2 |       0 |     122 |   0.0 |       0 |      30 |   0.0 |  2819
           D:3 |       0 |     780 |   0.0 |       0 |      28 |   0.0 |  3156
           D:4 |       0 |     610 |   0.0 |       0 |      20 |   0.0 |  3501
           D:5 |       0 |     302 |   0.0 |       0 |      15 |   0.0 |  1141
           D:6 |       0 |     223 |   0.0 |       0 |       3 |   0.0 |   129
               +---------+---------+-------+---------+---------+-------+---------
